 Dungeon Crawl Stone Soup version 0.28-a0-1312-g71652a0310 (webtiles) character file.

Game seed: 11296533670389706005

47 bearlyready the Slasher (level 3, -4/31 HPs)
             Began as a Minotaur Cinder Acolyte on Dec 27, 2021.
             Was a High Priest of Ignis.
             Killed by an exploding goblin (9 damage)
             ... ignited by their inner flame
             ... on level 2 of the Dungeon.
             The game lasted 00:01:32 (1499 turns).

bearlyready the Slasher (Minotaur Cinder Acolyte)   Turns: 1499, Time: 00:01:33

Health: -4/31      AC:  2    Str: 20    XL:     3   Next: 48%
Magic:  3/3        EV: 11    Int: 11    God:    Ignis [*****.]
Gold:   84         SH:  0    Dex:  5    Spells: 4/4 levels left

rFire   + . .      SeeInvis +   a - -1 falchion (flame)
rCold   . . .      Faith    .   (no shield)
rNeg    . . .      Spirit   .   b - +0 robe
rPois   .          Reflect  .   (helmet restricted)
rElec   .          Harm     .   (no cloak)
rCorr   .          Rampage  .   (no gloves)
Will    .....      Clarity  +   (no boots)
Stlth   +.........              (no amulet)
HPRegen 0.10/turn               i - ring of see invisible
MPRegen 0.08/turn               (no ring)

@: no status effects
A: horns 2, retaliatory headbutt, clarity, sturdy frame 1
a: Renounce Religion, Fiery Armour, Foxfire Swarm, Rising Flame


You were on level 2 of the Dungeon.
You worshipped Ignis.
Ignis was extremely pleased with you.
You visited 1 branch of the dungeon, and saw 2 of its levels.

You collected 84 gold pieces.

Inventory:

Hand Weapons
 a - a -1 falchion of flaming (weapon)
Missiles
 c - 26 sling bullets
 f - 23 bolts
 j - 43 stones (quivered)
Armour
 b - a +0 robe (worn)
Jewellery
 i - a ring of see invisible (left hand)
Scrolls
 e - a scroll of brand weapon {unknown}
 g - 2 scrolls of identify {unknown}
 k - a scroll of vulnerability {unknown}


   Skills:
 - Level 3.6 Fighting
 + Level 5.5 Long Blades
 - Level 1.0 Spellcasting
 - Level 2.1 Fire Magic


You had 4 spell levels left.
You didn't know any spells.
Your spell library contained the following spells:

 Spells                   Type           Power      Damage    Failure   Level
 Scorch                   Fire           10%        2d6       21%         2


Dungeon Overview and Level Annotations

Branches:
Dungeon (2/15)

Altars:

Annotations:
D:2 Jessica


Innate Abilities, Weirdness & Mutations

You have a pair of horns on your head.
You reflexively headbutt those who attack you in melee.
You possess an exceptional clarity of mind.
Your movements are slightly less encumbered by armour. (ER -2)


Message History

Jessica seems to speed up.
The adder bites you.
You are too injured to fight recklessly!
You are too injured to fight recklessly!
You are too injured to fight recklessly!
You are too injured to fight recklessly!
You are too injured to fight recklessly!
You are too injured to fight recklessly!
You are too injured to fight recklessly!
You are too injured to fight recklessly!
You are too injured to fight recklessly!
You are too injured to fight recklessly!
You are too injured to fight recklessly!
You are too injured to fight recklessly!
Hit: a) -1 falchion (flame)
Press: ? - help, Dir - move target, f - goblin
Aim: a goblin, wielding a +0 dagger and wearing a +0 robe (fast, about 57% to evade your -1 falchion of flaming)
Okay, then.
As you read the scroll labelled FAMA DUNEROQ, it crumbles to dust.
The creatures around you are filled with an inner flame!
It was a scroll of immolation.
You feel sick. The goblin hits you but does no damage.
The adder closely misses you.
Okay, then.
It was a potion of mutation.
You feel extremely strange.
Your thoughts seem clearer.
You feel less encumbered by your armour.
You feel sick. Jessica gestures at you while chanting.
You barely resist. The goblin completely misses you.
The adder barely misses you. The goblin hits you with a +0 dagger.
You barely miss the adder.
You feel sick. The adder misses you. The goblin barely misses you.
You furiously retaliate!
You headbutt the goblin.
Flame seeps out of the goblin.
The adder closely misses you.
You closely miss the adder.
You feel sick.
You are no longer poisoned.
Jessica hits you with a +4 club!
* * * LOW HITPOINT WARNING * * *
The goblin is engulfed in blazing flames.
The goblin explodes!
The fiery explosion engulfs you! You resist.
You die...

#### ########## ...#
#........... ...#
#........... ...#
#........... ..#######
#...........
..###...#####...........
..'.'...'...............
..###...###.#...§§§.....
....+...+......@@○§.....
...##...###.....§S§.....
........# #.............
........# #..###......#.
......##...... #........
......# ...... #........
..#.. ......#####.....
..#.. ... ..... .##


You could see an adder (inner flame) and Jessica (fast, inner flame).

Vanquished Creatures
  Robin (D:2)
  An adder (D:1)
  A dart slug (D:2)
  A bat (D:1)
  2 endoplasms (D:2)
  A giant cockroach (D:1)
  6 goblins
  5 hobgoblins
  A quokka (D:1)
  2 ball pythons (D:1)
  2 kobolds
  2 rats (D:1)
25 creatures vanquished.

Notes
Turn   | Place    | Note
-------+----------+-------------------------------------------
     0 | D:1      | bearlyready the Minotaur Cinder Acolyte began the quest for
                  | the Orb.
     0 | D:1      | Reached XP level 1. HP: 19/19 MP: 1/1
   140 | D:1      | Reached skill level 4 in Long Blades
   442 | D:1      | Reached XP level 2. HP: 25/26 MP: 2/2
   843 | D:2      | Noticed Robin
   869 | D:1      | Reached skill level 5 in Long Blades
  1021 | D:1      | Reached XP level 3. HP: 14/31 MP: 3/3
  1190 | D:2      | Killed Robin
  1490 | D:2      | Noticed Jessica
  1497 | D:2      | Gained mutation: You possess an exceptional clarity of
                  | mind. [potion of mutation]
  1497 | D:2      | Gained mutation: Your movements are slightly less
                  | encumbered by armour. (ER -2) [potion of mutation]
  1499 | D:2      | Killed by an exploding goblin... ignited by their inner
                  | flame

Illustrated notes

Levels and vault maps discovered:
D:1:      psy_arrival_fountain, layout_rooms
D:2:      layout_basic, ebering_ecumenical_altar_rust, minmay_puff,
          uniq_jessica, uniq_robin

Skill      XL: |  1  2 |
---------------+-------+-----
Long Blades    | 4 5 |  5.5
Fighting       | |  3.6
Spellcasting   | |  1.0
Fire Magic     | |  2.1

Action                   || total
-------------------------++-------
Melee: Falchion          ||    50
       Headbutt          ||     6
  Use: Scroll            ||     1
       Potion            ||     1
Armor: Robe              ||    20
Dodge: Dodged            ||    50

Table legend: (Time is in decaauts)
 A = Elapsed time spent in this place.
 B = Non-inter-level travel time spent in this place.
 C = Inter-level travel time spent in this place.
 D = Time resting spent in this place.
 E = Time spent auto-exploring this place.
 F = Levels seen in this place.
 G = Mean time per level.
                   A        B        C        D        E       F      G
               +--------+--------+--------+--------+--------+-----+--------+
         Total |   1504 |   1475 |     29 |    327 |    983 |   2 |  752.0 |
       Dungeon |   1504 |   1475 |     29 |    327 |    983 |   2 |  752.0 |
               +--------+--------+--------+--------+--------+-----+--------+

Top non-repeatable levels by time:
     D:1: 1026 daAuts
     D:2: 478 daAuts
